 Dungeon Crawl Stone Soup version 0.23.2-33-g5129a83 (webtiles) character file.

Game seed: 11330135830286091154

23 CHAINSAWZ the Skirmisher (level 2, 27/27 HPs)
             Began as a Draconian Berserker on Aug 9, 2019.
             Was a Follower of Trog.
             Starved to death
             ... on level 1 of the Dungeon.
             The game lasted 00:12:16 (2371 turns).

CHAINSAWZ the Skirmisher (Draconian Berserker)      Turns: 2371, Time: 00:12:16

Health: 27/27      AC:  4    Str: 19    XL:     2   Next: 75%
Magic:  2/2        EV: 12    Int:  7    God:    Trog [*.....]
Gold:   40         SH:  0    Dex: 10    Spells: 1/1 levels left

rFire    . . .     SeeInvis .   a - +0 falchion
rCold    . . .     Gourm    .   (no shield)
rNeg     . . .     Faith    .   (armour unavailable)
rPois    .         Spirit   .   (helmet restricted)
rElec    .         Reflect  .   (no cloak)
rCorr    .         Harm     .   (no gloves)
MR       .....                  (no boots)
Stlth    +.........             (no amulet)
HPRegen  0.09/turn              (no ring)
MPRegen  0.08/turn              (no ring)

@: fainting, very slow
A: unfitting armour, cold-blooded, AC +4
a: Berserk, Renounce Religion


You were on level 1 of the Dungeon.
You worshipped Trog.
Trog was aware of your devotion.
You were fainting.

You visited 1 branch of the dungeon, and saw 1 of its levels.

You collected 40 gold pieces.

Inventory:

Hand Weapons
 a - a +0 falchion (weapon)
 f - a cursed +0 hunting sling
 g - a +0 short sword
 l - a +0 dagger
 m - a +0 whip
Missiles
 h - 43 stones (quivered)
 i - 23 sling bullets
 n - 14 poisoned needles
Scrolls
 e - 2 scrolls of identify
 k - a scroll of enchant weapon
 o - a scroll of remove curse
Potions
 c - a potion of flight {unknown}
 d - 3 potions of agility {unknown}
 j - a potion of ambrosia {unknown}


   Skills:
 + Level 3.7 Fighting
 + Level 3.3 Long Blades
 + Level 3.0 Dodging
 + Level 0.1 Stealth


You had one spell level left.
You didn't know any spells.
Your spell library was empty.

Dungeon Overview and Level Annotations

Branches:
Dungeon (1/15)

Altars:


Innate Abilities, Weirdness & Mutations

Your plain brown scales are hard. (AC +4)
You cannot fit into any form of body armour.
You are cold-blooded and may be slowed by cold attacks.


Message History

You hit the plant but do no damage.
The plant is almost destroyed.
Your unstable footing causes you to fumble your attack.
You lose consciousness!
You can move again.
Your unstable footing causes you to fumble your attack.
You hit the plant but do no damage.
The plant is almost destroyed.
You hit the plant but do no damage.
You tail-slap the plant, but do no damage.
The plant is almost destroyed.
You hit the plant but do no damage.
The plant is almost destroyed.
You hit the plant but do no damage.
The plant is almost destroyed.
Your unstable footing causes you to fumble your attack.
You hit the plant but do no damage.
The plant is almost destroyed.
You have starved to death.
You die...

####### #.....
##PP≈P≈######.##
##.≈≈≈≈≈≈.......#
#.≈P≈≈≈PP.##.##.#
#≈P≈≈≈≈≈..##.##.#
##≈P♣≈♣♣≈PP##....#
#P≈≈≈♣♣≈≈≈P#####.#
###P≈≈≈♣P♣♣≈≈P.....#
#..@≈♣≈PPPP♣PP####.#
#.≈≈≈♣PPPPP≈♣..# #.#
#.≈≈♣≈.P.#.≈≈PP###.#
#.≈≈♣.≈###P≈≈≈≈P.#.#
##########.≈P≈P## #.P≈♣PP....
#..........≈♣≈P.###..P≈≈.≈###
#.#####.###.≈≈.......≈≈PP≈#
#.#####.###≈≈≈.##.###≈≈≈≈≈# #
#.##.......PP.....###.≈≈P≈# ♣


There were no monsters in sight!

Vanquished Creatures
  An ooze (D:1)
  2 leopard geckos (D:1)
  A giant cockroach (D:1)
  A goblin (D:1)
  3 hobgoblins (D:1)
  2 jackals (D:1)
  A frilled lizard (D:1)
  4 kobolds (D:1)
  A rat (D:1)
  18 plants (D:1)
34 creatures vanquished.

Notes
Turn   | Place    | Note
-------+----------+-------------------------------------------
     0 | D:1      | CHAINSAWZ the Draconian Berserker began the quest for the
                  | Orb.
     0 | D:1      | Reached XP level 1. HP: 19/19 MP: 1/1
   144 | D:1      | Reached XP level 2. HP: 7/26 MP: 2/2
  1740 | D:1      | Paralysed by fainting for 6 turns
  1754 | D:1      | Paralysed by fainting for 12 turns
  1782 | D:1      | Paralysed by fainting for 7 turns
  2325 | D:1      | Paralysed by fainting for 8 turns
  2353 | D:1      | Paralysed by fainting for 12 turns
  2371 | D:1      | Starved to death

Skill      XL: |  1  2 |
---------------+-------+-----
Dodging        | 3 |  3.0
Fighting       | |  3.7
Long Blades    | |  3.3
Stealth        | |  0.1

Action                   || total
-------------------------++-------
Melee: Falchion          ||  1271
       Tailslap          ||   263
Invok: Berserk           ||     1
  Use: Scroll            ||     3
  Eat: Ration            ||     2
Armor: Skin              ||    14
Dodge: Dodged            ||    57
       Rpst.: Falchion   ||    18
